 Dungeon Crawl Stone Soup version 0.31-a0-128-g25add195a6 (webtiles) character file.

Game seed: 11069862258582533652

19 mopl the Stinger (level 2, -1/19 HPs)
             Began as a Formicid Venom Mage on June 1, 2023.
             Slain by Natasha (5 damage)
             ... on level 2 of the Dungeon.
             The game lasted 00:01:34 (839 turns).

mopl the Stinger (Formicid Venom Mage)               Turns: 839, Time: 00:01:35

Health: -1/19      AC:  2    Str: 12    XL:     2   Next: 95%
Magic:  0/5        EV: 12    Int: 20    God:
Gold:   83         SH:  0    Dex: 14    Spells: 5/6 levels left

rFire   + . .        c - +0 mace
rCold   + . .        (no shield)
rNeg    . . .        a - +0 robe
rPois   .            (helmet unavailable)
rElec   .            h - scarf {rC+ rF+}
rCorr   .            (no gloves)
SInv    +            (no boots)
Will    .....        (no amulet)
Stlth   ++           d - +6 ring of intelligence
HPRegen 0.23/turn    (no ring)
MPRegen 0.09/turn

%: no passive effects
@: no status effects
A: permanent stasis, dig shafts and tunnels, antennae 3, four strong arms
a: Dig, Shaft Self


You were on level 2 of the Dungeon.
You visited 1 branch of the dungeon, and saw 2 of its levels.

You collected 83 gold pieces.

Inventory:

Hand Weapons
 c - a +0 mace (weapon)
Armour
 a - a +0 robe (worn)
 h - a scarf of resistance (worn)
Jewellery
 d - a +6 ring of intelligence (left hand)
Scrolls
 e - 2 scrolls of enchant armour {unknown}
 i - a scroll of teleportation {unknown}
Potions
 b - a potion of magic
 f - 2 potions of heal wounds {unknown}
 g - a potion of might {unknown}


   Skills:
 - Level 1.7 Dodging
 - Level 2.4 Stealth
 + Level 2.8 Spellcasting
 - Level 1.1 Transmutations
 + Level 4.7 Poison Magic


You had 5 spell levels left.
You knew the following spells:

 Your Spells              Type           Power      Damage    Failure   Level
a - Sting                 Tmut/Pois      56%        1d5       4%          1

Your spell library contained the following spells:

 Spells                   Type           Power      Damage    Failure   Level
 Poisonous Vapours        Pois/Air       24%        N/A       9%          2
 Apportation              Tloc           4%         N/A       14%         1
 Mephitic Cloud           Conj/Pois/Air  9%         N/A       22%         3
 Olgreb's Toxic Radiance  Pois           21%        N/A       22%         4
 Alistair's Intoxication  Tmut/Pois      9%         N/A       77%         5


Dungeon Overview and Level Annotations

Branches:
Dungeon (2/15)

Altars:

Shops:
D:1 (

Annotations:
D:2 Natasha


Innate Abilities, Weirdness & Mutations

You cannot be hasted, slowed, berserked, paralysed or teleported.
You can dig through walls and to a lower floor.
You have a pair of large antennae on your head. (SInv)
Your four strong arms can wield two-handed weapons with a shield.


Message History

Confirm with . or Enter, or press ? or * to list all spells.
Aiming: Sting (safe; 4% risk of failure)
Press: ? - help, Shift-Dir - straight line, f/p - Natasha
Aim: Natasha (64% to hit)
The sting hits Natasha.
Natasha is poisoned.
Natasha is lightly wounded.
Natasha claws you.
Unknown command.
Casting: Sting (safe; 4% risk of failure)
Confirm with . or Enter, or press ? or * to list all spells.
Aiming: Sting (safe; 4% risk of failure)
Press: ? - help, Shift-Dir - straight line, f/p - Natasha
Aim: Natasha (lightly wounded, poisoned, 64% to hit)
The sting hits Natasha.
Natasha looks even sicker.
Natasha is heavily wounded.
You kill the dart slug!
Natasha claws you!
Casting: Sting (safe; 4% risk of failure)
Confirm with . or Enter, or press ? or * to list all spells.
Aiming: Sting (safe; 4% risk of failure)
Press: ? - help, Shift-Dir - straight line, f/p - Natasha
Aim: Natasha (heavily wounded, very poisoned, 64% to hit)
The sting hits Natasha.
Natasha looks even sicker.
Natasha is severely wounded.
Natasha hisses.
Natasha casts a spell at you. The magic dart hits you.
* * * LOW HITPOINT WARNING * * *
Casting: Sting (safe; 4% risk of failure)
Confirm with . or Enter, or press ? or * to list all spells.
You don't have enough magic to cast this spell.
Unknown command.
Unknown command.
You barely miss Natasha.
Natasha is heavily wounded.
Natasha closely misses you. Natasha barely misses you.
You hit Natasha.
Natasha is almost dead.
Natasha claws you.
You die...

#..# #.# #..# #.# ###
####..#####.# ...
......#.†..# .. ####.#
#.#.#### # #. #....#
#......#
.##>##.##.##.###.#.##.#
.......h..##.....#.# #
.#.##.@.......###.#
#†.######## #.# ....#
#.. #.###.# ### .. ..#
#. ### #


You could see Natasha (very poisoned).

Vanquished Creatures
  A dart slug (D:2)
  A bat (D:1)
  An endoplasm (D:2)
  2 goblins (D:1)
  A hobgoblin (D:2)
  3 kobolds
  A quokka (D:1)
  A frilled lizard (D:1)
  8 rats
19 creatures vanquished.

Notes
Turn   | Place    | Note
-------+----------+-------------------------------------------
     0 | D:1      | mopl the Formicid Venom Mage began the quest for the Orb.
     0 | D:1      | Reached XP level 1. HP: 13/13 MP: 3/3
   165 | D:1      | Found Penem's Weapon Emporium.
   293 | D:1      | Reached XP level 2. HP: 19/19 MP: 3/5
   686 | D:1      | Found a faded altar of an unknown god.
   800 | D:2      | Noticed Natasha
   839 | D:2      | Slain by Natasha

Illustrated notes

Levels and vault maps discovered:
D:1:      onia_arrival_handbag, layout_loops_cross,
          shapermc_ecumenical_altar_mp_urbaneastern, serial_shops,
          nicolae_shop_tiny_waterfront
D:2:      layout_loops_ring, serial_shops, nicolae_shop_gibbet_a_chance,
          uniq_natasha

Action                     || total
---------------------------++-------
  Melee: Mace              ||    21
   Cast: Sting             ||    28
 Armour: Robe              ||     6
  Dodge: Dodged            ||     9

Table legend: (Time is in decaauts)
 A = Elapsed time spent in this place.
 B = Non-inter-level travel time spent in this place.
 C = Inter-level travel time spent in this place.
 D = Time resting spent in this place.
 E = Time spent auto-exploring this place.
 F = Levels seen in this place.
 G = Mean time per level.
                   A        B        C        D        E       F      G
               +--------+--------+--------+--------+--------+-----+--------+
         Total |    845 |    815 |     30 |      7 |    633 |   2 |  422.5 |
       Dungeon |    845 |    815 |     30 |      7 |    633 |   2 |  422.5 |
               +--------+--------+--------+--------+--------+-----+--------+

Top non-repeatable levels by time:
     D:1: 741 daAuts
     D:2: 104 daAuts
